 Dungeon Crawl Stone Soup version 0.21-a0-210-gbfa5647 (webtiles) character file.

448 Gorglomux the Cleaver (level 7, -9/60 HPs)
             Began as a Hill Orc Abyssal Knight on Aug 21, 2017.
             Was an Initiate of Okawaru.
             Mangled by a small abomination (14 damage)
             ... created by the touch of Lugonu
             ... on level 5 of the Dungeon.
             The game lasted 00:04:49 (4716 turns).

Gorglomux the Cleaver (Hill Orc Abyssal Knight)     Turns: 4716, Time: 00:04:50

Health: -9/60      AC: 11    Str: 22    XL:     7   Next: 4%
Magic:  8/8        EV: 10    Int: 12    God:    Okawaru [......]
Gold:   177        SH:  0    Dex: 10    Spells: 6/6 levels left

rFire    + . .     SeeInvis .   a - +1 hand axe
rCold    . . .     Gourm    .   (no shield)
rNeg     . . .     Faith    +   j - +0 ring mail
rPois    .         Spirit   .   p - +1 helmet
rElec    .         Reflect  .   (no cloak)
rCorr    .         Harm     .   w - +2 pair of gloves
MR       +....                  (no boots)
Stlth    ..........             K - amulet of faith
HPRegen  0.20/turn              f - ring of protection from fire
MPRegen  0.11/turn              m - ring of protection from magic

@: mighty, drained
A: no striking features
a: Renounce Religion


You were on level 5 of the Dungeon.
You worshipped Okawaru.
Okawaru was noncommittal.
You were not hungry.

You visited 1 branch of the dungeon, and saw 5 of its levels.
You visited the Abyss 1 time.

You collected 177 gold pieces.

Inventory:

Hand Weapons
 a - a +1 hand axe (weapon)
Armour
 j - a +0 ring mail (worn)
 p - a +1 helmet (worn)
 w - a +2 pair of gloves (worn)
 H - a +0 chain mail
Jewellery
 f - a ring of protection from fire (left hand)
 m - a ring of protection from magic (right hand)
 K - an amulet of faith (around neck)
Wands
 A - a wand of acid (7/15)
Scrolls
 d - a scroll of noise {unknown}
 h - 4 scrolls of immolation
 k - 2 scrolls of remove curse
 q - a scroll of fear {unknown}
 s - a scroll of teleportation {unknown}
 D - a scroll of amnesia {unknown}
 E - a scroll of magic mapping {unknown}
 F - a scroll of random uselessness {unknown}
Potions
 v - a potion of invisibility
 x - a potion of agility {unknown}
 y - 2 potions of lignification {unknown}
 C - 2 potions of magic {unknown}
 J - a potion of heal wounds
 Q - 2 potions of curing
 S - a potion of brilliance {unknown}
 T - a potion of flight {unknown}
Comestibles
 c - 5 bread rations
 l - 3 royal jellies
 z - 2 meat rations
 B - 4 fruits


   Skills:
 + Level 4.8(4.4) Fighting
 - Level 8.2(7.8) Axes
 + Level 3.6(3.3) Armour
 - Level 0.7(0.4) Dodging
 - Level 2.4(2.1) Invocations


You had 6 spell levels left.
You didn't know any spells.

Dungeon Overview and Level Annotations

Branches:
Dungeon (5/15)
 Temple: D:4-7

Altars:
Okawaru


Message History

The small abomination is moderately damaged!
The small abomination hits you!!! The small butt hits you!
You are too injured to fight recklessly!!!
You chop the small abomination into pieces!
The small abomination is moderately damaged!
The small abomination hits you! * * * don't die
* * * You are too injured to fight recklessly!!!
You carve the butt abomination like a ham!
The small abomination is heavily damaged!
The small abomination hits you! * * * don't die
* * * You feel very mighty all of a sudden!
The small abomination barely misses you!
The small abomination hits you!!! * * * don't die
* * * You cut the small abomination into ribbons!!!
The butt abomination is almost destroyed!
The small abomination hits you!!! rip

###
#.#
#x#
#@#
#.#
#.#
#.#
#.#
#.#
#.#
#.#


You could see a small abomination.

Vanquished Creatures
  A scorpion (D:4)
  A crimson imp (D:3)
  2 hounds (D:4)
  2 orc priests (D:4)
  2 orc wizards (D:4)
  A worker ant (D:4)
  The ghost of p0werm0de the Chiller, a weakling DgWn (D:3)
  4 adders
  An ooze (D:4)
  A worm (D:3)
  2 dart slugs
  3 leopard geckos (D:3)
  8 orcs
  12 bats
  A giant cockroach (D:1)
  7 goblins
  6 hobgoblins
  16 jackals
  4 quokkas
  A ball python (D:3)
  8 frilled lizards
  7 kobolds
  5 rats
96 creatures vanquished.

Notes
Turn   | Place    | Note
-------+----------+-------------------------------------------
     0 | Abyss:1  | Gorglomux the Hill Orc Abyssal Knight began the quest for the Orb.
     0 | Abyss:1  | Reached XP level 1. HP: 19/19 MP: 2/2
    73 | Abyss:1  | Noticed a shadow
    76 | D:1      | Escaped the Abyss
    84 | D:1      | Noticed a lindwurm
    84 | D:1      | Noticed a killer bee
    84 | D:1      | Noticed a swamp drake
    84 | D:1      | Noticed a hog
    84 | D:1      | Noticed a black bear
   162 | D:1      | Reached skill level 3 in Axes
   393 | D:1      | Reached XP level 2. HP: 13/26 MP: 3/3
   576 | D:1      | Reached * piety under Lugonu
   576 | D:1      | Reached skill level 4 in Axes
   863 | D:1      | Reached XP level 3. HP: 6/31 MP: 4/4
  1391 | D:2      | Reached skill level 5 in Axes
  1757 | D:2      | Reached XP level 4. HP: 39/39 MP: 5/5
  1892 | D:2      | Reached ** piety under Lugonu
  2136 | D:3      | Noticed p0werm0de's ghost (weakling DgWn)
  2215 | D:3      | Killed p0werm0de's ghost
  2215 | D:3      | Reached skill level 6 in Axes
  2845 | D:3      | Reached XP level 5. HP: 35/45 MP: 6/6
  3020 | D:3      | Reached skill level 7 in Axes
  3424 | D:4      | Reached skill level 8 in Axes
  3424 | D:4      | Reached XP level 6. HP: 20/51 MP: 7/7
  4094 | D:4      | Found an iron altar of Okawaru.
  4104 | D:4      | Reached skill level 3 in Armour
  4315 | D:4      | Fell from the grace of Lugonu
  4315 | D:4      | Became a worshipper of Warmaster Okawaru
  4454 | D:4      | Reached XP level 7. HP: 59/60 MP: 8/8
  4704 | D:4      | Noticed a large abomination
  4708 | D:5      | Entered Level 5 of the Dungeon
  4716 | D:5      | Mangled by a small abomination

Vault maps used:
D:1:      onia_arrival_zoo_common, minmay_crystal_room, minmay_heptomino_h4
D:2:      first_bread
D:4:      wad_crossroads, st_stairs_4, okawaru_metal_pillars_3
D:5:      minmay_temple_entry_nine_rooms

Skill      XL: |  1  2  3  4  5  6 |
---------------+-------------------+-----
Axes           | 3 4 5 6 8 |  8.2
Fighting       | 4 |  4.8
Armour         | 3 |  3.6
Dodging        | |  0.7
Invocations    | |  2.4

Action                   |  1- 3 |  4- 6 |  7- 9 || total
-------------------------+-------+-------+-------++-------
Melee: Hand axe          |   109 |   209 |    11 ||   329
Invok: Depart the Abyss  |     1 |       |       ||     1
       Bend Space        |       |     2 |       ||     2
  Use: Scroll            |       |     9 |       ||     9
       Potion            |       |     1 |     1 ||     2
  Eat: Chunk             |     2 |     9 |     1 ||    12
Armor: Leather armour    |    17 |       |       ||    17
       Ring mail         |    45 |    91 |     2 ||   138
Dodge: Dodged            |    95 |    95 |     7 ||   197

Table legend:
 A = Spawn XP
 B = Non-spawn XP
 C = Spawn XP percentage of total XP
 D = Spawn monster count
 E = Non-spawn monster count
 F = Spawn count percentage of total count
 G = Total turns spent on level
                    A         B        C        D         E        F      G
               +---------+---------+-------+---------+---------+-------+---------
         Total |      65 |     576 |  10.1 |      13 |      83 |  13.5 |  4716
               +---------+---------+-------+---------+---------+-------+---------
           D:1 |      11 |      31 |  26.2 |       6 |      18 |  25.0 |  1242
           D:2 |       1 |      49 |   2.0 |       1 |      17 |   5.6 |   928
           D:3 |       5 |     140 |   3.4 |       2 |      25 |   7.4 |  1141
           D:4 |      48 |     356 |  11.9 |       4 |      23 |  14.8 |  1321
               +---------+---------+-------+---------+---------+-------+---------
